Workbook
Name FiltroDati_Anno: #N/A
Name FiltroDati_Anno1: #N/A
Name FiltroDati_Anno11: #N/A
Name FiltroDati_Anno111: #N/A
Name FiltroDati_Anno2: #N/A
Name FiltroDati_Contabilizzazione: #N/A
Name FiltroDati_Contabilizzazione1: #N/A
Name FiltroDati_Contabilizzazione11: #N/A
Name FiltroDati_Contabilizzazione111: #N/A
Name FiltroDati_Contabilizzazione2: #N/A
Name FiltroDati_Contabilizzazione21: #N/A
Name FiltroDati_Contabilizzazione3: #N/A
Name FiltroDati_Contabilizzazione31: #N/A
Name FiltroDati_Contabilizzazione4: #N/A
Name FiltroDati_Conto_o_carta: #N/A
Name FiltroDati_Conto_o_carta1: #N/A
Name FiltroDati_Conto_o_carta11: #N/A
Name FiltroDati_Conto_o_carta111: #N/A
Name FiltroDati_Conto_o_carta2: #N/A
Name FiltroDati_Conto_o_carta21: #N/A
Name FiltroDati_Conto_o_carta3: #N/A
Name FiltroDati_Conto_o_carta31: #N/A
Name FiltroDati_Conto_o_carta4: #N/A
Name FiltroDati_Mese: #N/A
Name FiltroDati_Mese1: #N/A
Name FiltroDati_Mese11: #N/A
Name FiltroDati_Mese111: #N/A
Name FiltroDati_Mese2: #N/A
Name FiltroDati_Mese21: #N/A
Name FiltroDati_Mese3: #N/A
Name FiltroDati_Natura_Movimento: #N/A
Name FiltroDati_Natura_Movimento1: #N/A
Name FiltroDati_Segno_Movimento: #N/A
Name FiltroDati_Tipo_Movimento: #N/A
Name FiltroDati_Tipo_Movimento1: #N/A
Name FiltroDati_Tipo_Movimento11: #N/A
Name FiltroDati_Tipo_Movimento111: #N/A
Name FiltroDati_Tipo_Movimento2: #N/A
Name FiltroDati_Tipo_Movimento21: #N/A
Name FiltroDati_Tipo_Movimento3: #N/A
Name FiltroDati_Tipo_Movimento31: #N/A
Name FiltroDati_Tipo_Movimento4: #N/A

Sheet Copertina
A1: Follow me: https://www.linkedin.com/in/andreasanta1983/
A2: *Il seguente file è un' utilità gratuita e completamente editabile. Chi lo scarica solleva da ogni responsabilità, implicita ed esplicita, derivante dal suo utilizzo.
A5: ParametriMovimenti
A6: Dati
A7: ContoEconomicoAnno
A8: ContoEconomicoAnnoMese
A9: ContoEconomicoVarPercAnno
A10: Costi
A11: DettaglioCosti
A12: Ricavi
A13: DettaglioRicavi
A14: EntrateUscite
A15: DettaglioEntrateUscite

Sheet ParametriMovimenti
A1: Descrizione Movimento | B1: Natura Movimento | C1: Segno Movimento | D1: Tipo Movimento
A2: Giroconti in uscita | B2: Varie | C2: Uscite | D2: Patrimoniale
A3: Giroconto in entrata | B3: Varie | C3: Entrate | D3: Patrimoniale
A4: Acqua | B4: Spese Casa | C4: Uscite | D4: Costo
A5: Riscaldamento | B5: Spese Casa | C5: Uscite | D5: Costo
A6: Gas & energia elettrica | B6: Spese Casa | C6: Uscite | D6: Costo
A7: Domiciliazioni e Utenze | B7: Spese Casa | C7: Uscite | D7: Costo
A8: Polizze casa | B8: Spese Casa | C8: Uscite | D8: Costo
A9: TV, Internet, telefono | B9: Spese Casa | C9: Uscite | D9: Costo
A10: Personale domestico e pulizie della casa | B10: Spese Casa | C10: Uscite | D10: Costo
A11: Pagamento affitti | B11: Spese Casa | C11: Uscite | D11: Costo
A12: Elettrodomestici, arredamento e giardino | B12: Spese Casa | C12: Uscite | D12: Costo
... A80: Assegni incassati | B80: Altre Entrate | C80: Entrate | D80: Ricavi

Sheet Dati
A1: Data | B1: Operazione | C1: Dettagli | D1: Conto o carta | E1: Contabilizzazione | F1: Categoria | G1: Valuta | H1: Importo | I1: ID Movimento | J1: Natura Movimento | K1: Segno Movimento | L1: Tipo Movimento | M1: Mese | N1: Anno
I2: 1 | J2: =IF(A2<>0,VLOOKUP(F2,ParametriMovimenti!$A$1:$D$201,2,FALSE),"") | K2: =IF(A2<>0,VLOOKUP(F2,ParametriMovimenti!$A$1:$D$201,3,FALSE),"") | L2: =IF(A2<>0,VLOOKUP(F2,ParametriMovimenti!$A$1:$D$201,4,FALSE),"") | M2: =IF(A2<>0,MONTH(A2),"") | N2: =IF(A2<>0,YEAR(A2),"")
I3: =IF(A3<>0,I2+1,"") | J3: =IF(A3<>0,VLOOKUP(F3,ParametriMovimenti!$A$1:$D$201,2,FALSE),"") | K3: =IF(A3<>0,VLOOKUP(F3,ParametriMovimenti!$A$1:$D$201,3,FALSE),"") | L3: =IF(A3<>0,VLOOKUP(F3,ParametriMovimenti!$A$1:$D$201,4,FALSE),"") | M3: =IF(A3<>0,MONTH(A3),"") | N3: =IF(A3<>0,YEAR(A3),"")
I4: =IF(A4<>0,I3+1,"") | J4: =IF(A4<>0,VLOOKUP(F4,ParametriMovimenti!$A$1:$D$201,2,FALSE),"") | K4: =IF(A4<>0,VLOOKUP(F4,ParametriMovimenti!$A$1:$D$201,3,FALSE),"") | L4: =IF(A4<>0,VLOOKUP(F4,ParametriMovimenti!$A$1:$D$201,4,FALSE),"") | M4: =IF(A4<>0,MONTH(A4),"") | N4: =IF(A4<>0,YEAR(A4),"")
I5: =IF(A5<>0,I4+1,"") | J5: =IF(A5<>0,VLOOKUP(F5,ParametriMovimenti!$A$1:$D$201,2,FALSE),"") | K5: =IF(A5<>0,VLOOKUP(F5,ParametriMovimenti!$A$1:$D$201,3,FALSE),"") | L5: =IF(A5<>0,VLOOKUP(F5,ParametriMovimenti!$A$1:$D$201,4,FALSE),"") | M5: =IF(A5<>0,MONTH(A5),"") | N5: =IF(A5<>0,YEAR(A5),"")
I6: =IF(A6<>0,I5+1,"") | J6: =IF(A6<>0,VLOOKUP(F6,ParametriMovimenti!$A$1:$D$201,2,FALSE),"") | K6: =IF(A6<>0,VLOOKUP(F6,ParametriMovimenti!$A$1:$D$201,3,FALSE),"") | L6: =IF(A6<>0,VLOOKUP(F6,ParametriMovimenti!$A$1:$D$201,4,FALSE),"") | M6: =IF(A6<>0,MONTH(A6),"") | N6: =IF(A6<>0,YEAR(A6),"")
I7: =IF(A7<>0,I6+1,"") | J7: =IF(A7<>0,VLOOKUP(F7,ParametriMovimenti!$A$1:$D$201,2,FALSE),"") | K7: =IF(A7<>0,VLOOKUP(F7,ParametriMovimenti!$A$1:$D$201,3,FALSE),"") | L7: =IF(A7<>0,VLOOKUP(F7,ParametriMovimenti!$A$1:$D$201,4,FALSE),"") | M7: =IF(A7<>0,MONTH(A7),"") | N7: =IF(A7<>0,YEAR(A7),"")
I8: =IF(A8<>0,I7+1,"") | J8: =IF(A8<>0,VLOOKUP(F8,ParametriMovimenti!$A$1:$D$201,2,FALSE),"") | K8: =IF(A8<>0,VLOOKUP(F8,ParametriMovimenti!$A$1:$D$201,3,FALSE),"") | L8: =IF(A8<>0,VLOOKUP(F8,ParametriMovimenti!$A$1:$D$201,4,FALSE),"") | M8: =IF(A8<>0,MONTH(A8),"") | N8: =IF(A8<>0,YEAR(A8),"")
I9: =IF(A9<>0,I8+1,"") | J9: =IF(A9<>0,VLOOKUP(F9,ParametriMovimenti!$A$1:$D$201,2,FALSE),"") | K9: =IF(A9<>0,VLOOKUP(F9,ParametriMovimenti!$A$1:$D$201,3,FALSE),"") | L9: =IF(A9<>0,VLOOKUP(F9,ParametriMovimenti!$A$1:$D$201,4,FALSE),"") | M9: =IF(A9<>0,MONTH(A9),"") | N9: =IF(A9<>0,YEAR(A9),"")
I10: =IF(A10<>0,I9+1,"") | J10: =IF(A10<>0,VLOOKUP(F10,ParametriMovimenti!$A$1:$D$201,2,FALSE),"") | K10: =IF(A10<>0,VLOOKUP(F10,ParametriMovimenti!$A$1:$D$201,3,FALSE),"") | L10: =IF(A10<>0,VLOOKUP(F10,ParametriMovimenti!$A$1:$D$201,4,FALSE),"") | M10: =IF(A10<>0,MONTH(A10),"") | N10: =IF(A10<>0,YEAR(A10),"")
I11: =IF(A11<>0,I10+1,"") | J11: =IF(A11<>0,VLOOKUP(F11,ParametriMovimenti!$A$1:$D$201,2,FALSE),"") | K11: =IF(A11<>0,VLOOKUP(F11,ParametriMovimenti!$A$1:$D$201,3,FALSE),"") | L11: =IF(A11<>0,VLOOKUP(F11,ParametriMovimenti!$A$1:$D$201,4,FALSE),"") | M11: =IF(A11<>0,MONTH(A11),"") | N11: =IF(A11<>0,YEAR(A11),"")
I12: =IF(A12<>0,I11+1,"") | J12: =IF(A12<>0,VLOOKUP(F12,ParametriMovimenti!$A$1:$D$201,2,FALSE),"") | K12: =IF(A12<>0,VLOOKUP(F12,ParametriMovimenti!$A$1:$D$201,3,FALSE),"") | L12: =IF(A12<>0,VLOOKUP(F12,ParametriMovimenti!$A$1:$D$201,4,FALSE),"") | M12: =IF(A12<>0,MONTH(A12),"") | N12: =IF(A12<>0,YEAR(A12),"")
I13: =IF(A13<>0,I12+1,"") | J13: =IF(A13<>0,VLOOKUP(F13,ParametriMovimenti!$A$1:$D$201,2,FALSE),"") | K13: =IF(A13<>0,VLOOKUP(F13,ParametriMovimenti!$A$1:$D$201,3,FALSE),"") | L13: =IF(A13<>0,VLOOKUP(F13,ParametriMovimenti!$A$1:$D$201,4,FALSE),"") | M13: =IF(A13<>0,MONTH(A13),"") | N13: =IF(A13<>0,YEAR(A13),"")
I14: =IF(A14<>0,I13+1,"") | J14: =IF(A14<>0,VLOOKUP(F14,ParametriMovimenti!$A$1:$D$201,2,FALSE),"") | K14: =IF(A14<>0,VLOOKUP(F14,ParametriMovimenti!$A$1:$D$201,3,FALSE),"") | L14: =IF(A14<>0,VLOOKUP(F14,ParametriMovimenti!$A$1:$D$201,4,FALSE),"") | M14: =IF(A14<>0,MONTH(A14),"") | N14: =IF(A14<>0,YEAR(A14),"")
... I12066: =IF(A12066<>0,I12065+1,"") | J12066: =IF(A12066<>0,VLOOKUP(F12066,ParametriMovimenti!$A$1:$D$201,2,FALSE),"") | K12066: =IF(A12066<>0,VLOOKUP(F12066,ParametriMovimenti!$A$1:$D$201,3,FALSE),"") | L12066: =IF(A12066<>0,VLOOKUP(F12066,ParametriMovimenti!$A$1:$D$201,4,FALSE),"") | M12066: =IF(A12066<>0,MONTH(A12066),"") | N12066: =IF(A12066<>0,YEAR(A12066),"")

Sheet ContoEconomicoAnno
A1: Conto Economico per anno
A12: Anno | B12: Importo annuo
A13: 2018 | B13: 1895.83
A14: 2019 | B14: 1043.68
A15: 2020 | B15: 4791.94
A16: 2021 | B16: 4002.18
A17: 2022 | B17: 3079.81
A18: Totale complessivo | B18: 14813.44

Sheet ContoEconomicoVarPercAnno
A1: Conto Economico con variazione percentuali per anno
C12: Anno | D12: Valori
C13: 2018 | E13: 2019 | G13: 2020 | I13: 2021 | K13: 2022
A14: Tipo Movimento | B14: Categoria | C14: Importo annuo | D14: Variazione % anno Prec. | E14: Importo annuo | F14: Variazione % anno Prec. | G14: Importo annuo | H14: Variazione % anno Prec. | I14: Importo annuo | J14: Variazione % anno Prec. | K14: Importo annuo | L14: Variazione % anno Prec.
A15: Ricavo | C15: 9250 | E15: 8100 | F15: -0.12432432 | G15: 11950 | H15: 0.47530864 | I15: 9650 | J15: -0.19246862 | K15: 9350 | L15: -0.031088083
A16: Costo | C16: -7354.17 | E16: -7056.32 | F16: -0.040500832 | G16: -7158.06 | H16: 0.01441828 | I16: -5647.82 | J16: -0.21098454 | K16: -6270.19 | L16: 0.1101965
A17: Totale complessivo | C17: 1895.83 | E17: 1043.68 | F17: -0.4494865 | G17: 4791.94 | H17: 3.5913882 | I17: 4002.18 | J17: -0.16481008 | K17: 3079.81 | L17: -0.2304669

Sheet ContoEconomicoAnnoMese
A1: Conto Economico per anno e mese
A13: Somma di Importo | B13: Mese
A14: Anno | B14: 1 | C14: 2 | D14: 3 | E14: 4 | F14: 5 | G14: 6 | H14: 7 | I14: 8 | J14: 9 | K14: 10 | L14: 11 | M14: 12 | N14: Totale complessivo
A15: 2018 | B15: -172.96 | C15: -372.46 | D15: -308.2 | E15: -254.23 | F15: 2143.9 | G15: -200.47 | H15: -116.5 | I15: -2055.9 | J15: 1669.82 | K15: -380.48 | L15: -275.56 | M15: 2218.87 | N15: 1895.83
A16: 2019 | B16: -322.83 | C16: 251.85 | D16: 1754.04 | E16: -351.96 | F16: -295.23 | G16: 2139.9 | H16: -213.2 | I16: -184.27 | J16: -145.6 | K16: -2101.93 | L16: 718.25 | M16: -205.34 | N16: 1043.68
A17: 2020 | B17: -478.85 | C17: 2375.82 | D17: 2146.57 | E17: -2253.61 | F17: 1839.2 | G17: -106.06 | H17: -312.73 | I17: 2128.9 | J17: -296.5 | K17: -73.47 | L17: -2140.4 | M17: 1963.07 | N17: 4791.94
A18: 2021 | B18: -515.93 | C18: -298.86 | D18: 2272.35 | E18: -335.58 | F18: 2181.12 | G18: -172.96 | H18: -372.46 | I18: -308.2 | J18: -414.23 | K18: 2303.9 | L18: -200.47 | M18: -136.5 | N18: 4002.18
A19: 2022 | B19: -2035.9 | C19: 1676.52 | D19: -387.18 | E19: -275.56 | F19: 2228.87 | G19: -332.83 | H19: 215.99 | I19: 1989.9 | N19: 3079.81
A20: Totale complessivo | B20: -3526.47 | C20: 3632.87 | D20: 5477.58 | E20: -3470.94 | F20: 8097.86 | G20: 1327.58 | H20: -798.9 | I20: 1570.43 | J20: 813.49 | K20: -251.98 | L20: -1898.18 | M20: 3840.1 | N20: 14813.44

Sheet Costi
A1: Costi per anno e mese
A9: Somma di Importo | C9: Mese
A10: Anno | B10: Categoria | C10: 1 | D10: 2 | E10: 3 | F10: 4 | G10: 5 | H10: 6 | I10: 7 | J10: 8 | K10: 9 | L10: 10 | M10: 11 | N10: 12 | O10: Totale complessivo
A11: 2018 | C11: -2172.96 | D11: -372.46 | E11: -308.2 | F11: -254.23 | G11: -356.1 | H11: -200.47 | I11: -116.5 | J11: -2055.9 | K11: -330.18 | L11: -380.48 | M11: -425.56 | N11: -381.13 | O11: -7354.17
A12: 2019 | C12: -322.83 | D12: -2148.15 | E12: -245.96 | F12: -351.96 | G12: -295.23 | H12: -360.1 | I12: -213.2 | J12: -184.27 | K12: -145.6 | L12: -2101.93 | M12: -481.75 | N12: -205.34 | O12: -7056.32
A13: 2020 | C13: -628.85 | D13: -224.18 | E13: -253.43 | F13: -2253.61 | G13: -360.8 | H13: -106.06 | I13: -312.73 | J13: -371.1 | K13: -296.5 | L13: -73.47 | M13: -2140.4 | N13: -136.93 | O13: -7158.06
A14: 2021 | C14: -515.93 | D14: -298.86 | E14: -477.65 | F14: -335.58 | G14: -218.88 | H14: -2172.96 | I14: -372.46 | J14: -308.2 | K14: -414.23 | L14: -196.1 | M14: -200.47 | N14: -136.5 | O14: -5647.82
A15: 2022 | C15: -2035.9 | D15: -323.48 | E15: -387.18 | F15: -425.56 | G15: -371.13 | H15: -332.83 | I15: -2184.01 | J15: -210.1 | O15: -6270.19
A16: Totale complessivo | C16: -5676.47 | D16: -3367.13 | E16: -1672.42 | F16: -3620.94 | G16: -1602.14 | H16: -3172.42 | I16: -3198.9 | J16: -3129.57 | K16: -1186.51 | L16: -2751.98 | M16: -3248.18 | N16: -859.9 | O16: -33486.56

Sheet DettaglioCosti
A1: Dettaglio Costi per Anno
A9: Somma di Importo | B9: Anno
A10: Categoria | B10: 2018 | C10: 2019 | D10: 2020 | E10: 2021 | F10: 2022 | G10: Totale complessivo
A11: Bonifici in uscita | B11: -4155.5 | C11: -4005.5 | D11: -4155.5 | E11: -2150 | F11: -4155.5 | G11: -18622
A12: Prelievi | B12: -1681 | C12: -1591 | D12: -1521 | E12: -1901 | F12: -1010 | G12: -7704
A13: Generi alimentari e supermercato | B13: -317.89 | C13: -327.79 | D13: -285.42 | E13: -358.32 | F13: -186.96 | G13: -1476.38
A14: Trasporti, noleggi, taxi e parcheggi | B14: -249 | C14: -249 | D14: -249 | E14: -332 | F14: -332 | G14: -1411
A15: Abbigliamento e accessori | B15: -152.1 | C15: -176.7 | D15: -176.7 | E15: -176.7 | F15: -24.6 | G15: -706.8
A16: Carburanti | B16: -130 | C16: -170.41 | D16: -140.41 | E16: -130.41 | F16: -110.41 | G16: -681.64
A17: Altre uscite | B17: -109.26 | C17: -109.26 | D17: -109.26 | E17: -40.26 | F17: -109.26 | G17: -477.3
A18: Cura della persona | B18: -100 | D18: -100 | E18: -100 | F18: -100 | G18: -400
A19: Addebiti vari | B19: -83 | C19: -83 | D19: -83 | E19: -83 | G19: -332
A20: Ristoranti e bar | B20: -69.3 | C20: -69.5 | D20: -70.4 | E20: -67.1 | F20: -32.5 | G20: -308.8
A21: Hi-tech e informatica | B21: -40 | C21: -56.84 | D21: -56.84 | E21: -56.84 | F21: -16.84 | G21: -227.36
A22: Imposte, bolli e commissioni | B22: -48.4 | C22: -38.4 | D22: -38.4 | E22: -48.4 | F22: -30 | G22: -203.6
A23: Multe | B23: -50.09 | C23: -50.09 | E23: -50.09 | F23: -50.09 | G23: -200.36
A24: Spese per l'infanzia | B24: -50 | D24: -50 | E24: -50 | F24: -50 | G24: -200
A25: Tempo libero varie | B25: -33.3 | C25: -33.3 | D25: -26.6 | E25: -33.3 | F25: -26.7 | G25: -153.2
A26: Corsi e sport | B26: -23.2 | C26: -23.2 | D26: -23.2 | E26: -23.2 | G26: -92.8
A27: Libri, film e musica | B27: -19 | C27: -19 | D27: -19 | E27: -19 | G27: -76
A28: Spettacoli e musei | B28: -18 | C28: -18 | D28: -18 | E28: -18 | G28: -72
A29: Cellulare | B29: -15 | C29: -15 | D29: -15 | F29: -15 | G29: -60
A30: Casa varie | C30: -10.2 | D30: -10.2 | E30: -10.2 | F30: -10.2 | G30: -40.8
A31: Farmacia | B31: -10.13 | C31: -10.13 | D31: -10.13 | F31: -10.13 | G31: -40.52
A32: Totale complessivo | B32: -7354.17 | C32: -7056.32 | D32: -7158.06 | E32: -5647.82 | F32: -6270.19 | G32: -33486.56

Sheet Ricavi
A1: Ricavi per anno e mese
A9: Somma di Importo | C9: Mese
A10: Anno | B10: Categoria | C10: 1 | D10: 2 | E10: 3 | F10: 4 | G10: 5 | H10: 6 | I10: 7 | J10: 8 | K10: 9 | L10: 10 | M10: 11 | N10: 12 | O10: Totale complessivo
A11: 2018 | C11: 2000 | G11: 2500 | K11: 2000 | M11: 150 | N11: 2600 | O11: 9250
A12: 2019 | D12: 2400 | E12: 2000 | H12: 2500 | M12: 1200 | O12: 8100
A13: 2020 | C13: 150 | D13: 2600 | E13: 2400 | G13: 2200 | J13: 2500 | N13: 2100 | O13: 11950
A14: 2021 | E14: 2750 | G14: 2400 | H14: 2000 | L14: 2500 | O14: 9650
A15: 2022 | D15: 2000 | F15: 150 | G15: 2600 | I15: 2400 | J15: 2200 | O15: 9350
A16: Totale complessivo | C16: 2150 | D16: 7000 | E16: 7150 | F16: 150 | G16: 9700 | H16: 4500 | I16: 2400 | J16: 4700 | K16: 2000 | L16: 2500 | M16: 1350 | N16: 4700 | O16: 48300

Sheet DettaglioRicavi
A1: Dettagli Ricavi per anno
A9: Somma di Importo | B9: Anno
A10: Categoria | B10: 2018 | C10: 2019 | D10: 2020 | E10: 2021 | F10: 2022 | G10: Totale complessivo
A11: Bonifici ricevuti | B11: 150 | D11: 150 | E11: 150 | F11: 150 | G11: 600
A12: Stipendi e pensioni | B12: 9100 | C12: 8100 | D12: 11800 | E12: 9500 | F12: 9200 | G12: 47700
A13: Totale complessivo | B13: 9250 | C13: 8100 | D13: 11950 | E13: 9650 | F13: 9350 | G13: 48300

Sheet EntrateUscite
A1: Entrate Uscite per Anno
A12: Anno | B12: Importo annuo
A13: 2018 | B13: -8094.17
A14: 2019 | B14: -8946.32
A15: 2020 | B15: -5198.06
A16: 2021 | B16: -5997.82
A17: 2022 | B17: 1089.81
A18: Totale complessivo | B18: -27146.56

Sheet DettaglioEntrateUscite
A1: Dettaglio Entrate Uscite
A13: Somma di Importo | C13: Anno
A14: Segno Movimento | B14: Conto o carta | C14: 2018 | D14: 2019 | E14: 2020 | F14: 2021 | G14: 2022 | H14: Totale complessivo
A15: Entrate | B15: Conto Banca 1 | C15: 9260 | D15: 5710 | E15: 9560 | F15: 7250 | G15: 6960 | H15: 38740
B16: Conto Banca 2 | D16: 2400 | E16: 2400 | F16: 2400 | G16: 2400 | H16: 9600
A17: Entrate Totale | C17: 9260 | D17: 8110 | E17: 11960 | F17: 9650 | G17: 9360 | H17: 48340
A18: Uscite | B18: Carta di Credito 1 | C18: -20 | D18: -42.45 | E18: -42.45 | F18: -42.45 | G18: -42.45 | H18: -189.8
B19: Conto Banca 1 | C19: -14959.51 | D19: -14293.68 | E19: -14395.42 | F19: -12885.18 | G19: -7859.51 | H19: -64393.3
B20: Conto Banca 2 | C20: -2374.66 | D20: -2720.19 | E20: -2720.19 | F20: -2720.19 | G20: -368.23 | H20: -10903.46
A21: Uscite Totale | C21: -17354.17 | D21: -17056.32 | E21: -17158.06 | F21: -15647.82 | G21: -8270.19 | H21: -75486.56
A22: Totale complessivo | C22: -8094.17 | D22: -8946.32 | E22: -5198.06 | F22: -5997.82 | G22: 1089.81 | H22: -27146.56
